 Dungeon Crawl Stone Soup version 0.17.0-24-gcfadda4 (webtiles) character file.

17698 st0uf the Fighter (level 12, -2/97 HPs)
             Began as a White Draconian Fighter on Nov 16, 2015.
             Was a High Priest of Okawaru.
             Slain by an orc warlord
             ... wielding a +0 great sword
              (10 damage)
             ... on level 4 of the Orcish Mines.
             The game lasted 02:01:10 (12905 turns).

st0uf the Fighter (White Draconian Fighter)        Turns: 12905, Time: 02:01:10

Health: -2/97      AC: 20    Str: 25    XL:     12   Next: 21%
Magic:  0/19       EV: 16    Int:  9    God:    Okawaru [*****.]
Gold:   1280       SH:  0    Dex: 12    Spells: 0 memorised, 11 levels left

rFire  . . .     SeeInvis .     Y - +4 long sword
rCold  + . .     Clarity  .     (armour unavailable)
rNeg   . . .     SustAt   .     (no shield)
rPois  +         Gourm    .     w - +2 hat {Spirit}
rElec  +         Spirit   +     f - +1 cloak
rCorr  .         Warding  .     s - +0 pair of gloves
rMut   .         Stasis   .     o - +2 pair of boots {Fly}
MR     .....                    V - amulet of regeneration
Stlth  +.........               C - +3 ring of protection
                                i - ring of poison resistance

@: mighty, flying, very slightly contaminated, hasted, very quick, not resistant
to hostile enchantments, very unstealthy
A: breathe frost, unfitting armour, cold resistance 1, frail 1, high mp 1,
shaggy fur 1, electricity resistance, weak 1, cold-blooded, AC +8
a: Breathe Frost, Heroism, Finesse, Renounce Religion, Stop Flying


You were on level 4 of the Orcish Mines.
You worshipped Okawaru.
Okawaru was extremely pleased with you.
You were hungry.

You visited 3 branches of the dungeon, and saw 15 of its levels.
You also visited: Sewer.

You collected 1427 gold pieces.
You spent 147 gold pieces at shops.

Inventory:

Hand Weapons
 E - a +0 halberd
 N - the +7 rapier of Superiority {speed, +Rage Str+3 Int-3 Dex+4, unknown}
   (You found it on level 6 of the Dungeon)

   Attacks with this weapon are significantly faster.
   It affects your strength (+3).
   It affects your intelligence (-3).
   It affects your dexterity (+4).
   It lets you go berserk.
 Y - a +4 long sword (weapon)
Armour
 b - a +0 shield
 f - a +1 cloak (worn)
 o - a +2 pair of boots of flying (worn)
 s - a +0 pair of gloves (worn)
 w - a +2 hat of spirit shield (worn)
Magical Staves
 W - an uncursed staff of earth
Jewellery
 i - a ring of poison resistance (left hand)
 q - an uncursed ring of sustain attributes
 C - a +3 ring of protection (right hand)
 J - an uncursed ring of fire
 Q - an uncursed ring of protection from fire
 R - an uncursed ring of magical power
 S - an uncursed ring of flight
 V - an amulet of regeneration (around neck)
Wands
 a - a wand of fireball (7)
 l - a wand of digging (12)
 y - a wand of slowing (22)
 G - a wand of lightning (4)
 I - a wand of flame (14)
 M - a wand of polymorph (11)
 P - a wand of enslavement (6)
 X - a wand of confusion (10)
Scrolls
 e - 7 scrolls of teleportation
 k - 2 scrolls of recharging
 m - 5 scrolls of enchant weapon
 p - 2 scrolls of magic mapping
 r - 5 scrolls of remove curse
 t - a scroll of blinking
 K - a scroll of fear
Potions
 c - 3 potions of lignification
 j - a potion of haste
 n - a potion of agility
 u - a potion of cancellation
 v - a potion of magic
 x - 2 potions of brilliance
 z - a potion of heal wounds {unknown}
 A - 4 potions of curing {unknown}
 B - 2 potions of resistance {unknown}
 D - a potion of poison {unknown}
 F - 4 potions of flight {unknown}
 L - 3 potions of invisibility {unknown}
 O - a potion of ambrosia {unknown}
 T - a potion of degeneration {unknown}
Miscellaneous
 Z - a phial of floods
Comestibles
 d - 8 bread rations
 g - 3 beef jerkies
 h - 4 meat rations
 U - 6 slices of pizza


   Skills:
 + Level 10.7 Fighting
 + Level 9.4 Long Blades
 + Level 8.9 Dodging
 + Level 10.0 Shields
 + Level 8.2 Evocations


You had 11 spell levels left.
You didn't know any spells.

Dungeon Overview and Level Annotations

Branches:
Dungeon (10/15)            Temple (1/1) D:7            Lair (0/8) D:10
    Orc (4/4) D:9             Elf (0/3) Orc:3

Altars:
Ashenzari
Cheibriados
Dithmenos
Elyvilon
Fedhas
Gozag
Kikubaaqudgha
Makhleb
Nemelex Xobeh
Okawaru
Qazlal
Ru
Sif Muna
Trog
Vehumet
Xom
Yredelemnul
Zin
The Shining One
Beogh

Shops:
D:4 [   D:9 *   Orc:4 [[

Annotations:
D:3 Stev's ghost, amateur TeAM
D:6 Prince Ribbit


Innate Abilities, Weirdness & Mutations

You can breathe waves of freezing cold.
You can buffet flying creatures when you breathe cold.
Your icy white scales are hard (AC +8).
Your body does not fit into most forms of armour.
Your flesh is cold resistant.
You are cold-blooded and may be slowed by cold attacks.
You are frail (-10% HP).
You have an increased reservoir of magic (+10% MP).
You are covered in fur (AC +1).
You are resistant to electric shocks.
You are weak. (Str -2)


Message History

You barely miss the orc warlord.
Your tail-slap misses the orc warlord.
The orc warlord is lightly wounded.
You strike the helpless orc warlord from behind!
You hit the orc warlord but do no damage.
Your tail-slap misses the orc warlord.
The orc warlord is lightly wounded.
The orc warlord closely misses the orc warrior.
You slash the orc warlord!
The orc warlord is lightly wounded.
The orc warlord hits you with a great sword!!
* * * LOW HITPOINT WARNING * * *
Drink which item? (? for menu, Esc to quit)
You feel yourself speed up.
You are very lightly contaminated with residual magic.
Drink which item? (? for menu, Esc to quit)
You feel very mighty all of a sudden.
You slash the orc warlord!
The orc warlord is lightly wounded.
The orc warlord hits you with a great sword!
You die...

#.#####+###. #... .......#.. ..#
... ... ####....#.# ..#
.....##..##..#.[..#.# ...
......#...#..'.)....# ...
.##.........#(.#.####.#####.###
..##........####.#..#..........
.o8...8...8o####)'..#..)..####
.o.........oooo@.#..#..⌠..#
o8...8...8o####.####....(#
##.......o####.........(#
##.........#..####.#####.####.#
#......#...#..'....#.?.#......+
#.....##..##..#....#...#.######
#..)o.#..)#####.)..##)##.# ##
#.....##...##.......).....# #.
#.....#.)).##.#####'###.###..###


You could see an orc warlord (confused), an orc warrior, an orc priest and 3
orcs.

Vanquished Creatures
  Gastronok (Orc:2)
  Erolcha (D:8)
  An orc high priest (Orc:4)
  2 trolls (Orc:4)
  3 orc knights (Orc:4)
  An orc sorcerer (Orc:4)
  An ugly thing (D:9)
  4 two-headed ogres
  A wyvern (D:9)
  A basilisk (D:10)
  A human (D:8)
  4 yaks (D:9)
  3 hippogriffs (D:9)
  2 steam dragons
  A hog (D:8)
  Menkaure (D:4)
  Edmund (D:6)
  2 wargs
  3 porcupines (D:10)
  21 orc warriors
  4 sky beasts
  A water moccasin (D:9)
  A phantom (D:7)
  A black bear (D:7)
  3 ice beasts
  A necrophage (D:10)
  3 crocodiles
  6 ogres
  A giant frog (D:7)
  5 centaurs
  Blork the orc (D:5)
  10 big kobolds
  A wyvern zombie (D:9)
  3 scorpions
  5 killer bees
  5 crimson imps
  9 wights
  A giant frog zombie (D:6)
  7 jellies
  2 centaur skeletons
  3 hounds
  2 giant frog skeletons (D:4)
  19 orc priests
  15 orc wizards
  6 worker ants
  A killer bee zombie (D:10)
  18 sheep
  2 hound zombies
  A worker ant zombie (D:9)
  12 adders
  2 river rats (D:10)
  2 shadow imps
  3 oozes
  An adder zombie (D:6)
  2 worms
  2 adder skeletons
  4 giant geckos
  135 orcs
  7 bats
  8 giant cockroaches
  10 hobgoblins
  13 jackals
  3 quokkas
  2 ball pythons (D:5)
  3 giant newts
  12 goblins
  16 kobolds
  10 rats
439 creatures vanquished.

Vanquished Creatures (collateral kills)
  An orc knight (Orc:4)
  An orc sorcerer (Orc:4)
2 creatures vanquished.

Vanquished Creatures (others)
  A bush (D:10)
  3 fungi (D:10)
  5 plants
9 creatures vanquished.

Grand Total: 450 creatures vanquished

Notes
Turn   | Place    | Note
--------------------------------------------------------------
     0 | D:1      | st0uf the Draconian Fighter began the quest for the Orb.
     0 | D:1      | Reached XP level 1. HP: 19/19 MP: 1/1
   138 | D:1      | Reached XP level 2. HP: 24/26 MP: 2/2
   300 | D:1      | Reached XP level 3. HP: 30/33 MP: 3/3
   725 | D:2      | Reached XP level 4. HP: 31/40 MP: 4/4
   749 | D:2      | Found an opulent altar of Gozag.
   776 | D:2      | Reached skill level 4 in Fighting
  1721 | D:3      | Found a blossoming altar of Fedhas.
  1737 | D:3      | Found an opulent altar of Gozag.
  1785 | D:3      | Noticed Stev's ghost (amateur TeAM)
  1882 | D:3      | Reached XP level 5. HP: 45/47 MP: 5/5
  2463 | D:4      | Reached XP level 6. HP: 49/53 MP: 4/6
  2521 | D:4      | Found a white marble altar of Elyvilon.
  2676 | D:4      | Noticed Menkaure
  2700 | D:4      | Killed Menkaure
  2700 | D:4      | Reached skill level 5 in Fighting
  2864 | D:4      | Found Lumisouf's Armour Emporium.
  2946 | D:4      | Found a glowing golden altar of the Shining One.
  2946 | D:4      | Found a glowing silver altar of Zin.
  2947 | D:4      | Found a white marble altar of Elyvilon.
  3076 | D:5      | Entered Level 5 of the Dungeon
  3096 | D:5      | Noticed Blork the orc
  3111 | D:5      | Killed Blork the orc
  3111 | D:5      | Your scales start taking on an icy white colour.
  3111 | D:5      | Gained mutation: Your flesh is cold resistant. [White Draconian growth]
  3111 | D:5      | Reached XP level 7. HP: 54/61 MP: 7/7
  3229 | D:5      | Reached skill level 5 in Shields
  3233 | D:5      | Gained mutation: You are frail (-10% HP). [mutagenic meat]
  3234 | D:5      | Gained mutation: You are weak. (Str -2) [mutagenic meat]
  3235 | D:5      | Gained mutation: You are clumsy. (Dex -2) [mutagenic meat]
  3236 | D:5      | Gained mutation: Your system is resistant to poisons. [mutagenic meat]
  3249 | D:5      | Found a glowing drain.
  3270 | Sewer    | Entered a sewer
  3594 | D:5      | Found a radiant altar of Vehumet.
  3624 | D:5      | Reached skill level 1 in Evocations
  3746 | D:5      | Reached skill level 6 in Fighting
  3785 | D:5      | Reached XP level 8. HP: 55/63 MP: 9/9
  3939 | D:5      | Reached skill level 5 in Long Blades
  4189 | D:6      | Reached skill level 5 in Dodging
  4246 | D:6      | Found an ancient bone altar of Kikubaaqudgha.
  4470 | D:6      | Noticed Prince Ribbit
  4721 | D:6      | Noticed Edmund
  4862 | D:6      | Killed Edmund
  5050 | D:6      | Got a dazzling rapier
  5390 | D:7      | Found a staircase to the Ecumenical Temple.
  5395 | Temple   | Entered the Ecumenical Temple
  5455 | Temple   | Became a worshipper of Warmaster Okawaru
  5590 | D:7      | Reached skill level 7 in Fighting
  5624 | D:7      | Reached XP level 9. HP: 8/71 MP: 5/11
  5974 | D:7      | Reached * piety under Okawaru
  6340 | D:8      | Gained mutation: Your large and strong wings let you fly indefinitely. [mutagenic meat]
  6341 | D:8      | Lost mutation: You are clumsy. (Dex -2) [mutagenic meat]
  6342 | D:8      | Gained mutation: You have an increased reservoir of magic (+10% MP). [mutagenic meat]
  6343 | D:8      | Gained mutation: You evolve. [mutagenic meat]
  6959 | D:8      | Reached skill level 8 in Fighting
  7040 | D:8      | Reached ** piety under Okawaru
  7045 | D:8      | Lost mutation: Your large and strong wings let you fly indefinitely. [mutagenic meat]
  7046 | D:8      | Gained mutation: You are resistant to electric shocks. [mutagenic meat]
  7047 | D:8      | Gained mutation: You are covered in fur (AC +1). [mutagenic meat]
  7178 | D:8      | Noticed Erolcha
  7249 | D:8      | Lost mutation: Your system is resistant to poisons. [evolution]
  7249 | D:8      | Lost mutation: You evolve. [end of evolution]
  7342 | D:8      | Killed Erolcha
  7342 | D:8      | Reached *** piety under Okawaru
  7342 | D:8      | Reached skill level 5 in Evocations
  7342 | D:8      | Reached XP level 10. HP: 79/81 MP: 13/15
  7744 | D:9      | Found Cyl Dyaw's Assorted Antiques.
  7758 | D:9      | Bought a fizzy clear potion for 23 gold pieces
  7758 | D:9      | Bought a scroll labeled UGAHEU KYAFU for 26 gold pieces
  7758 | D:9      | Bought a fizzy black potion for 23 gold pieces
  7758 | D:9      | Bought a yellow potion for 23 gold pieces
  7758 | D:9      | Bought a scroll of identify for 52 gold pieces
  7868 | D:9      | Noticed a cyan ugly thing
  7887 | D:9      | Killed a cyan ugly thing
  8115 | D:9      | Reached **** piety under Okawaru
  8124 | D:9      | Reached skill level 9 in Fighting
  8238 | D:9      | Found a staircase to the Orcish Mines.
  8795 | D:10     | Entered Level 10 of the Dungeon
  9137 | D:10     | Reached XP level 11. HP: 48/87 MP: 10/17
  9286 | D:10     | Reached ***** piety under Okawaru
  9292 | D:10     | Found a staircase to the Lair.
  9771 | Orc:1    | Entered Level 1 of the Orcish Mines
 10024 | Orc:2    | Noticed Gastronok
 10086 | Orc:2    | Killed Gastronok
 10777 | Orc:3    | Found a staircase to the Elven Halls.
 11080 | Orc:1    | Found a roughly hewn altar of Beogh.
 11511 | Orc:4    | Entered Level 4 of the Orcish Mines
 11599 | Orc:4    | Reached skill level 10 in Fighting
 11939 | Orc:4    | Found a roughly hewn altar of Beogh.
 12012 | Orc:4    | Received a gift from Okawaru
 12099 | Orc:4    | Found Padov's Armour Boutique.
 12319 | Orc:4    | Found Xuyn's Armour Shop.
 12451 | Orc:4    | Reached XP level 12. HP: 85/96 MP: 17/19
 12723 | Orc:4    | Noticed an orc high priest
 12741 | Orc:4    | Killed an orc high priest
 12741 | Orc:4    | Reached skill level 10 in Shields
 12862 | Orc:4    | Noticed an orc warlord
 12905 | Orc:4    | Slain by an orc warlord

Action                   |  1- 3 |  4- 6 |  7- 9 | 10-12 || total
-------------------------+-------+-------+-------+-------++-------
Melee: Long sword        |    95 |   221 |   556 |   976 ||  1848
       Halberd           |       |       |       |    71 ||    71
Invok: Heroism           |       |       |       |     6 ||     6
 Abil: Breathe Frost     |       |       |    36 |    24 ||    60
Evoke: Wand              |       |       |     4 |    14 ||    18
  Use: Potion            |       |     1 |     1 |     2 ||     4
       Scroll            |       |       |     4 |    19 ||    23
 Stab: Sleeping          |       |     1 |       |     3 ||     4
       Confused          |       |       |       |     1 ||     1
  Eat: Chunk             |       |     7 |    28 |    28 ||    63
       Meat ration       |       |       |     1 |       ||     1
       Beef jerky        |       |       |     1 |       ||     1
       Pizza             |       |       |       |     1 ||     1
